 Dungeon Crawl Stone Soup version 0.31-a0-229-g1fc7ce93e2 (webtiles) character file.

Game seed: 13580061510149229332

102 protoss039 the Digger (level 4, -1/33 HPs)
             Began as a Demonspawn Earth Elementalist on July 6, 2023.
             Slain by an iguana (5 damage)
             ... on level 2 of the Dungeon.
             The game lasted 00:02:13 (1762 turns).

protoss039 the Digger (DsEE)                        Turns: 1762, Time: 00:02:13

Health: -1/33      AC:  4    Str:  9    XL:     4   Next: 49%
Magic:  4/8        EV: 11    Int: 18    God:
Gold:   66         SH:  0    Dex: 13    Spells: 2/8 levels left

rFire   . . .        l - +0 mace (drain)
rCold   + . .        (no shield)
rNeg    . . .        e - +0 leather armour
rPois   .            k - +0 helmet
rElec   .            (no cloak)
rCorr   .            (no gloves)
SInv    .            (no boots)
Will    .....        a - amulet of regeneration
Stlth   ++           h - ring of protection from cold
HPRegen 1.05/turn    (no ring)
MPRegen 0.11/turn

%: no passive effects
@: no status effects
A: ignite blood 1, weakness stinger 1, demonic touch 1
a: no special abilities


You were on level 2 of the Dungeon.
You visited 1 branch of the dungeon, and saw 2 of its levels.

You collected 66 gold pieces.

Inventory:

Hand Weapons
 l - a +0 mace of draining (weapon)
Armour
 e - a +0 leather armour (worn)
 k - a +0 helmet (worn)
Jewellery
 a - an amulet of regeneration (around neck)
 h - a ring of protection from cold (left hand)
 m - an amulet of magic regeneration
Scrolls
 c - a scroll of amnesia {unknown}
 d - a scroll of fog {unknown}
 f - 3 scrolls of identify {unknown}
 j - 2 scrolls of blinking {unknown}
 o - a scroll of vulnerability {unknown}
 q - a scroll of silence {unknown}
Potions
 b - a potion of magic
 g - a potion of attraction {unknown}
 i - 2 potions of haste {unknown}
 n - 2 potions of degeneration {unknown}
 p - a potion of curing {unknown}


   Skills:
 + Level 1.8 Fighting
 + Level 1.2 Armour
 - Level 1.7 Dodging
 - Level 1.7 Stealth
 + Level 2.7 Spellcasting
 + Level 1.1 Conjurations
 - Level 0.8 Transmutations
 + Level 3.3 Earth Magic


You had 2 spell levels left.
You knew the following spells:

 Your Spells              Type           Power      Damage    Failure   Level
a - Sandblast             Erth           28%        2d8       6%          1
b - Passwall              Tmut/Erth      8%         N/A       14%         2
c - Stone Arrow           Conj/Erth      20%        3d8       26%         3

Your spell library contained the following spells:

 Spells                   Type           Power      Damage    Failure   Level
 Petrify                  Tmut/Erth      10%        N/A       67%         4


Dungeon Overview and Level Annotations

Branches:
Dungeon (2/15) Zot: 10204

Altars:


Innate Abilities, Weirdness & Mutations

Your demonic aura sometimes causes spilled blood to erupt in flames.
You have a small tail.
Your touch may inflict minor irresistible damage on your foes.


Message History

Press: ? - help, Shift-Dir - straight line, f - quokka
Aim: a quokka (75% to hit)
The blast of sand hits the quokka!
You kill the quokka!
The iguana bites you. The iguana closely misses you.
Unknown command.
Casting: Sandblast (safe; 6% risk of failure)
Confirm with . or Enter, or press ? or * to list all spells.
Aiming: Sandblast (safe; 6% risk of failure)
Press: ? - help, Shift-Dir - straight line, f - iguana
Aim: an iguana (moderately wounded, 84% to hit)
The blast of sand hits the iguana.
The iguana is moderately wounded.
The iguana bites you!
Casting: Sandblast (safe; 6% risk of failure)
Confirm with . or Enter, or press ? or * to list all spells.
Aiming: Sandblast (safe; 6% risk of failure)
Press: ? - help, Shift-Dir - straight line, f/p - iguana
Aim: an iguana (moderately wounded, 84% to hit)
The blast of sand misses the iguana.
The iguana misses you. The iguana bites you!
* * * LOW HITPOINT WARNING * * *
Unknown command.
Casting: Sandblast (safe; 6% risk of failure)
Confirm with . or Enter, or press ? or * to list all spells.
Aiming: Sandblast (safe; 6% risk of failure)
Press: ? - help, Shift-Dir - straight line, f/p - iguana
Aim: an iguana (moderately wounded, 84% to hit)
The blast of sand hits the iguana but does no damage.
The iguana is moderately wounded.
The iguana closely misses you.
Unknown command.
Unknown command.
You are too injured to fight recklessly!
Unknown command.
You barely miss the iguana.
Your tail-slap misses the iguana.
You touch the iguana!
The iguana is almost dead.
The iguana bites you.
You die...

.....#
#..##.....###......#
####.####
......##.#.#.###(.#
........# #....
#.#...##...##
##...##)# #...#
#.##.#..#..##
##...##.#
#...#.#.#.###(##...
....(##.#
#...##..#..#..##...
....###.#
#...#.##.#..##..##)
###.# #†#
#.†#...#.###†##.# .
....# #.#
#)@##.##...#.#..# .
##### #.#
#..l##..###...##...
.# #.##
#.....#..#.###...##
.# #.†# #.###.##.#.
...# .# ##.# #.
#..##.. ..## .# #.#
#. ......... ..#
.### #.# #. .#
#######..# .).# #.#
## .. #.# ##.# #.#
.# .#


You could see an iguana.

Vanquished Creatures
  Terence (D:2)
  3 adders (D:2)
  2 worms (D:2)
  A dart slug (D:1)
  5 bats
  3 endoplasms
  2 giant cockroaches (D:1)
  2 goblins
  7 hobgoblins
  3 jackals (D:1)
  2 quokkas
  3 ball pythons (D:1)
  3 frilled lizards
  2 kobolds
  2 rats
41 creatures vanquished.

Notes
Turn   | Place    | Note
-------+----------+-------------------------------------------
     0 | D:1      | protoss039 the Demonspawn Earth Elementalist began the
                  | quest for the Orb.
     0 | D:1      | Reached XP level 1. HP: 13/13 MP: 3/3
   168 | D:1      | Gained mutation: Your demonic aura sometimes causes spilled
                  | blood to erupt in flames. [demonic ancestry]
   168 | D:1      | Reached XP level 2. HP: 20/20 MP: 3/5
   270 | D:1      | Reached skill level 3 in Earth Magic
   376 | D:1      | Reached skill level 1 in Fighting
   808 | D:1      | Discovered your monstrous ancestry.
   808 | D:1      | Gained mutation: Your touch may inflict minor irresistible
                  | damage on your foes. [demonic ancestry]
   808 | D:1      | Reached XP level 3. HP: 26/26 MP: 3/6
  1086 | D:1      | Learned a level 2 spell: Passwall
  1090 | D:1      | Learned a level 3 spell: Stone Arrow
  1135 | D:2      | Noticed Terence
  1146 | D:2      | Killed Terence
  1317 | D:2      | Found a faded altar of an unknown god.
  1322 | D:2      | Reached skill level 1 in Armour
  1601 | D:2      | Gained mutation: You have a small tail. [demonic ancestry]
  1601 | D:2      | Reached XP level 4. HP: 29/29 MP: 7/7
  1689 | D:2      | Reached skill level 1 in Conjurations
  1760 | D:2      | HP: 1/33 [iguana (10)]
  1762 | D:2      | Slain by an iguana

Illustrated notes

Levels and vault maps discovered:
D:1:      dpeg_arrival_houses_and_road, layout_basic
D:2:      layout_loops_cross, ebering_ecumenical_altar_mist,
          minmay_pentomino_pile, uniq_terence

Skill      XL: |  1  2  3  4 |
---------------+-------------+-----
Earth Magic    | 3 |  3.3
Fighting       | 1 |  1.8
Armour         | 1 |  1.2
Conjurations   | 1 |  1.1
Dodging        | |  1.7
Stealth        | |  1.7
Spellcasting   | |  2.7
Transmutations | |  0.8

Action                     |  1- 3 |  4- 6 || total
---------------------------+-------+-------++-------
  Melee: Dagger            |    10 |       ||    10
         Mace              |    11 |    26 ||    37
         Punch             |     1 |       ||     1
         Tailslap          |       |     4 ||     4
         Touch             |       |     4 ||     4
   Cast: Sandblast         |    33 |     4 ||    37
         Stone Arrow       |     1 |       ||     1
   Stab: Sleeping          |     2 |     2 ||     4
 Armour: Robe              |     2 |       ||     2
         Leather armour    |     2 |    15 ||    17
  Dodge: Dodged            |    15 |    24 ||    39

Table legend: (Time is in decaauts)
 A = Elapsed time spent in this place.
 B = Non-inter-level travel time spent in this place.
 C = Inter-level travel time spent in this place.
 D = Time resting spent in this place.
 E = Time spent auto-exploring this place.
 F = Levels seen in this place.
 G = Mean time per level.
                   A        B        C        D        E       F      G
               +--------+--------+--------+--------+--------+-----+--------+
         Total |   1794 |   1737 |     57 |     40 |   1396 |   2 |  897.0 |
       Dungeon |   1794 |   1737 |     57 |     40 |   1396 |   2 |  897.0 |
               +--------+--------+--------+--------+--------+-----+--------+

Top non-repeatable levels by time:
     D:1: 1177 daAuts
     D:2: 616 daAuts
